 Dungeon Crawl Stone Soup version 0.32-a0-938-g40ac7a0f4d (webtiles) character file.

Game seed: 98626837981072148

1974 uglyjohn the Grappler (level 9, -5/69 HPs)
             Began as a Green Draconian Shapeshifter on Apr 15, 2024.
             Was a Follower of Cheibriados.
             Killed from afar by an electric eel (9 damage)
             ... with a bolt of electricity
             ... on level 7 of the Dungeon.
             The game lasted 00:15:22 (4993 turns).

uglyjohn the Grappler (DrSh)                        Turns: 4993, Time: 00:15:24

Health: -5/69      AC:  8    Str: 18    XL:     9   Next: 0%
Magic:  11/11      EV: 16    Int: 17    God:    Cheibriados [*.....]
Gold:   373        SH:  0    Dex: 13    Spells: 8/8 levels left

rFire   + .          .
                       - Unarmed
rCold   . . .        (shield currently unavailable)
rNeg    . . .        (body armour unavailable)
rPois   +            x - +1 hat
rElec   .            (no cloak)
rCorr   .            (no gloves)
SInv    +            (no boots)
Will    .....        t - amulet of regeneration
Stlth   +            g - ring of see invisible
HPRegen 1.11/turn    l - ring of protection from fire
MPRegen 0.12/turn

%: no passive effects
@: flux-form, glowing, very slow
A: glow, contaminating, noxious breath, AC +7, unfitting armour, poison
resistance, cold-blooded
a: Noxious Breath, Begin Untransformation, Renounce Religion, Bend Time


You were on level 7 of the Dungeon.
You worshipped Cheibriados.
Cheibriados was aware of your devotion.
You were something dangerously unstable.
You visited 1 branch of the dungeon, and saw 7 of its levels.

You collected 373 gold pieces.

Inventory:

Missiles
 y - a throwing net (quivered)
Armour
 x - a +1 hat (worn)
Jewellery
 f - an amulet of magic regeneration
 g - a ring of see invisible (left hand)
 l - a ring of protection from fire (right hand)
 r - a ring of protection from fire
 s - the ring "Teargh" {rC+ Stlth+}
   (You found it on level 4 of the Dungeon)

   [ring of protection from cold]

   rC+:       It protects you from cold.
   Stlth+:    It makes you more stealthy.
 t - an amulet of regeneration (around neck)
Talismans
 b - a beast talisman
 c - a flux talisman (active)
Wands
 o - a wand of light (6)
Scrolls
 d - 2 scrolls of blinking {unknown}
 h - 5 scrolls of identify
 i - 3 scrolls of torment {unknown}
 j - a scroll of brand weapon {unknown}
 m - a scroll of immolation {unknown}
 n - 3 scrolls of amnesia {unknown}
 p - 2 scrolls of poison {unknown}
 q - 2 scrolls of revelation {unknown}
 u - a scroll of enchant armour {unknown}
 v - 3 scrolls of butterflies {unknown}
 w - a scroll of teleportation {unknown}
Potions
 a - 2 potions of lignification
 e - 4 potions of curing
 k - a potion of mutation {unknown}


   Skills:
 + Level 3.1 Fighting
 + Level 3.1 Dodging
 * Level 8.1 Unarmed Combat
 + Level 2.7 Invocations
 * Level 7.5 Shapeshifting


You had 8 spell levels left.
You didn't know any spells.
Your spell library contained the following spells:

 Spells                   Type           Power      Damage    Failure   Level
 Apportation              Tloc           0%         N/A       24%         1
 Ensorcelled Hibernation  Hex/Ice        0%         N/A       34%         2
 Jinxbite                 Hex            0%         N/A       34%         2
 Fugue of the Fallen      Necr           0%         N/A       56%         3
 Passwall                 Erth           0%         N/A       56%         3
 Swiftness                Air            0%         N/A       56%         3
 Tukima's Dance           Hex            0%         N/A       56%         3
 Anguish                  Hex/Necr       0%         N/A       93%         4
 Passage of Golubria      Tloc           0%         N/A       93%         4
 Alistair's Intoxication  Alch           0%         N/A       100%        5
 Yara's Violent Unravell  Hex/Alch       0%         3d3       100%        5


Dungeon Overview and Level Annotations

Branches:
Dungeon (7/15)             Temple (0/1) D:4

Altars:
Ashenzari
Cheibriados
Fedhas
Gozag
Hepliaklqana
Makhleb
Nemelex Xobeh
Qazlal
Sif Muna
Trog
Vehumet
The Shining One

Shops:
D:7 [

Annotations:
D:5 exclusion: statue


Innate Abilities, Weirdness & Mutations

You are something dangerously unstable.
You glow with magical radiation, making you easy to see and hit.
Foes you strike become dangerously contaminated with magical radiation.
You are incapable of wielding weapons or throwing items.
You can breathe blasts of noxious fumes.
Your lurid green scales are hard. (AC +7)
You cannot fit into any form of body armour.
Your system is resistant to poisons. (rPois)
You are cold-blooded and may be slowed by cold attacks.


Message History

+0 steam dragon scales; a steam dragon corpse
Things that are here:
+0 steam dragon scales; a steam dragon corpse An electric eel comes into view.
Found Sues's Armour Boutique.
The electric eel shoots out a bolt of lightning at you!
The bolt of electricity hits you! The bolt of electricity hits you.
An electric eel comes into view.
You miss the electric eel.
You tail-slap the electric eel, but do no damage.
The electric eel shoots out a bolt of lightning at you!
The bolt of electricity hits you!
You hit the electric eel.
The electric eel begins to glow.
The electric eel is moderately wounded.
The electric eel shoots out a bolt of lightning at you!
The bolt of electricity hits you.
You hit the electric eel.
The electric eel glows dangerously bright.
The electric eel is severely wounded.
You hit the electric eel.
You kill the electric eel!
Cheibriados appreciates the change of pace.
You hear a splash.
The electric eel shoots out a bolt of lightning at you!
The bolt of electricity hits you! The bolt of electricity hits you.
You have reached level 9!
Your experience leads to an increase in your attributes!
Your base attributes are Str 16, Int 13, Dex 11.
Increase (S)trength, (I)ntelligence, or (D)exterity?
You feel clever. x2; Your scales feel tougher.
The electric eel shoots out a bolt of lightning at you!
The bolt of electricity hits you!
* * * LOW HITPOINT WARNING * * *
The electric eel shoots out a bolt of lightning at you!
The bolt of electricity hits you!
* * * LOW HITPOINT WARNING * * *
The electric eel shoots out a bolt of lightning at you!
The bolt of electricity hits you!
You die...
Cheibriados appreciates the motionlessness of death.

.#########.#####.#.#......
........##.# ##.#.#######
≈≈≈≈≈≈≈.##[# #..........#
......≈.##.# #..........#
≈≈≈S≈.≈.##.# #..........#
....≈.≈....#####'#+###...#
≈≈≈.≈.≈.#..........# ...#
.∩≈.≈.≈.########.### ..#
.≈≈.≈.≈..p...# #.# ..
....≈.≈..........# ..
≈≈≈≈≈.≈...........
......≈......##...
≈≈≈≈≈≈≈.#######.#..
........# .. ###.##### #.


You could see an electric eel.

Vanquished Creatures
  Eustachio (D:5)
  A steam dragon (D:7)
  A water moccasin (D:6)
  2 sky beasts (D:6)
  2 ice beasts (D:6)
  A black bear (D:5)
  2 ogres
  A phantom (D:5)
  A kobold brigand (D:3)
  2 bullfrogs
  2 scorpions (D:6)
  An electric eel (D:7)
  A bombardier beetle (D:5)
  3 hounds (D:6)
  2 orc priests (D:5)
  Terence (D:2)
  2 sleepcaps (D:6)
  Natasha (thrice) (D:2)
  3 iguanas
  3 gnolls
  4 adders
  A shadow imp (D:5)
  2 dart slugs
  A ribbon worm (D:2)
  6 orcs
  4 endoplasms
  3 giant cockroaches
  2 goblins (D:3)
  4 hobgoblins
  4 jackals
  3 quokkas
  8 ball pythons
  8 bats
  7 frilled lizards
  6 kobolds
  2 rats
100 creatures vanquished.

Notes
Turn   | Place    | Note
-------+----------+-------------------------------------------
     0 | D:1      | uglyjohn the Draconian Shapeshifter began the quest for the
                  | Orb.
     0 | D:1      | Reached XP level 1. HP: 16/16 MP: 1/1
   534 | D:1      | Reached XP level 2. HP: 14/23 MP: 2/2
  1057 | D:2      | Noticed Natasha
  1065 | D:2      | Killed Natasha
  1066 | D:2      | Reached XP level 3. HP: 17/28 MP: 3/3
  1212 | D:2      | Noticed Natasha
  1220 | D:2      | Killed Natasha
  1221 | D:2      | Reached skill level 4 in Unarmed Combat
  1221 | D:2      | Reached XP level 4. HP: 28/35 MP: 4/4
  1373 | D:2      | Noticed Natasha
  1383 | D:2      | Killed Natasha
  1477 | D:2      | Noticed Terence
  1483 | D:2      | Killed Terence
  1484 | D:2      | Reached XP level 5. HP: 20/40 MP: 5/5
  1911 | D:3      | Found a bloodstained altar of Trog.
  1916 | D:3      | Found a shimmering blue altar of Sif Muna.
  2130 | D:3      | Found a faded altar of an unknown god.
  2336 | D:3      | Found a glowing golden altar of the Shining One.
  2337 | D:3      | Found a stormy altar of Qazlal.
  2450 | D:3      | Reached skill level 5 in Unarmed Combat
  2578 | D:3      | Reached XP level 6. HP: 45/47 MP: 6/6
  2608 | D:4      | Reached skill level 5 in Shapeshifting
  2771 | D:4      | Found a staircase to the Ecumenical Temple.
  2793 | D:4      | Found a broken altar of Ashenzari.
  2797 | D:4      | Identified the +2 falchion of Saemyk {heavy, Dex+3 SInv}
  2807 | D:4      | Identified the ring "Teargh" {rC+ Stlth+}
  2975 | D:4      | Found a sparkling altar of Nemelex Xobeh.
  3103 | D:5      | Entered Level 5 of the Dungeon
  3164 | D:5      | Found a radiant altar of Vehumet.
  3225 | D:5      | Found a blossoming altar of Fedhas.
  3342 | D:5      | Found a hazy altar of Hepliaklqana.
  3401 | D:5      | Reached skill level 6 in Unarmed Combat
  3401 | D:5      | Your scales start taking on a lurid green colour.
  3401 | D:5      | Reached XP level 7. HP: 40/52 MP: 7/7
  3401 | D:5      | Gained mutation: Your system is resistant to poisons.
                  | (rPois) [Green Draconian growth]
  3738 | D:5      | Noticed Eustachio
  3754 | D:5      | Killed Eustachio
  4007 | D:5      | Found a snail-covered altar of Cheibriados.
  4007 | D:5      | Found an opulent altar of Gozag.
  4080 | D:5      | Became a worshipper of Cheibriados the Contemplative
  4115 | D:6      | Found a burning altar of Makhleb.
  4136 | D:6      | Reached skill level 7 in Unarmed Combat
  4281 | D:6      | Reached XP level 8. HP: 45/59 MP: 8/8
  4295 | D:6      | Reached skill level 1 in Invocations
  4703 | D:6      | Reached * piety under Cheibriados
  4854 | D:6      | Reached skill level 8 in Unarmed Combat
  4985 | D:7      | Found Sues's Armour Boutique.
  4992 | D:7      | Reached XP level 9. HP: 22/69 MP: 11/11
  4993 | D:7      | Killed from afar by an electric eel

Illustrated notes

Levels and vault maps discovered:
D:1:      dpeg_arrival_simpleton_b, layout_basic
D:2:      layout_basic, eino_curves_01, uniq_terence, uniq_natasha
D:3:      layout_rooms, hellmonk_overflow_destroyed_library,
          gammafunk_temple_overflow_pools, hellmonk_ecumenical_altar_dog_temple
D:4:      layout_rooms, nemelex_dance_club_becter, evilmike_ruin_ashenzari,
          minmay_temple_entry_drinking_statues,
          amcnicky_mini_rare_corridor_liquid
D:5:      layout_loops_cross, vehumet_statue, nicolae_hepliaklqana_hazy_memory,
          fedhas_altar_2, gammafunk_temple_overflow_elements,
          kennysheep_cross_room, uniq_eustachio
D:6:      layout_basic, bloody_makhleb
D:7:      layout_basic, lemuel_crystal_altar, nicolae_inconvenience_store

Skill      XL: |  1  2  3  4  5  6  7  8 |
---------------+-------------------------+-----
Unarmed Combat | 4 5 6 7 8 |  8.1
Shapeshifting  | 4 5 6 7 |  7.5
Dodging        | 3 |  3.1
Invocations    | 2 |  2.7
Fighting       | 3 |  3.1

Action                     |  1- 3 |  4- 6 |  7- 9 || total
---------------------------+-------+-------+-------++-------
  Melee: Unarmed           |    70 |   138 |   122 ||   330
         Tailslap          |     6 |    20 |    21 ||    47
         Punch             |       |     8 |     1 ||     9
Ability: Noxious Breath    |       |       |     2 ||     2
    Use: Scroll            |       |     2 |       ||     2
   Stab: Sleeping          |     1 |     1 |       ||     2
         Confused          |       |       |     2 ||     2
 Armour: Skin              |    42 |    89 |    59 ||   190
  Dodge: Dodged            |    44 |    77 |    50 ||   171
   Form: Flux              |       |       |     1 ||     1

Table legend: (Time is in decaauts)
 A = Elapsed time spent in this place.
 B = Non-inter-level travel time spent in this place.
 C = Inter-level travel time spent in this place.
 D = Time resting spent in this place.
 E = Time spent auto-exploring this place.
 F = Levels seen in this place.
 G = Mean time per level.
                   A        B        C        D        E       F      G
               +--------+--------+--------+--------+--------+-----+--------+
         Total |   5214 |   4983 |    231 |    710 |   3409 |   7 |  744.9 |
       Dungeon |   5214 |   4983 |    231 |    710 |   3409 |   7 |  744.9 |
               +--------+--------+--------+--------+--------+-----+--------+

Top non-repeatable levels by time:
     D:6: 1017 daAuts
     D:5: 1014 daAuts
     D:1: 972 daAuts
     D:2: 824 daAuts
     D:3: 780 daAuts
     D:4: 528 daAuts
     D:7: 76 daAuts
